 Dungeon Crawl Stone Soup version 0.30-a0-802-gb92711bcdf (webtiles) character file.

Game seed: 16674906315933706046

20 Maken the Skirmisher (level 2, 0/26 HPs)
             Began as a Gnoll Wanderer on Feb 25, 2023.
             Killed from afar by Natasha (5 damage)
             ... with a magic dart
             ... on level 2 of the Dungeon.
             The game lasted 00:01:21 (526 turns).

Maken the Skirmisher (Gnoll Wanderer)                Turns: 526, Time: 00:01:21

Health: 0/26       AC:  2    Str:  8    XL:     2   Next: 79%
Magic:  2/2        EV: 11    Int: 10    God:
Gold:   0          SH:  0    Dex: 15    Spells: 2/2 levels left

rFire   . . .      SeeInvis .    a - +3 sling
rCold   . . .      Faith    .    (no shield)
rNeg    . . .      Spirit   .    d - +0 robe
rPois   .          Reflect  .    (no helmet)
rElec   .          Harm     .    (no cloak)
rCorr   .          Rampage  .    (no gloves)
Will    .....                    (no boots)
Stlth   ++                       (no amulet)
HPRegen 0.24/turn                (no ring)
MPRegen 0.08/turn                (no ring)

@: slowed, very slow
A: fangs 1, strong nose, distributed training
a: no special abilities


You were on level 2 of the Dungeon.
You visited 1 branch of the dungeon, and saw 2 of its levels.

Inventory:

Hand Weapons
 a - a +3 sling (weapon)
 b - a +0 falchion
Armour
 d - a +0 robe (worn)
Scrolls
 e - a scroll of enchant weapon {unknown}
 f - a scroll of summoning {unknown}
Potions
 c - a potion of berserk rage
 g - a potion of flight {unknown}


   Skills:
 + Level 4.5 Fighting
 + Level 0.5 Short Blades
 + Level 4.5 Long Blades
 + Level 0.5 Axes
 + Level 0.5 Maces & Flails
 + Level 0.5 Polearms
 + Level 0.5 Staves
 + Level 8.5 Ranged Weapons
 + Level 0.5 Throwing
 + Level 2.5 Armour
 + Level 0.5 Dodging
 + Level 0.5 Stealth
 + Level 0.5 Shields
 + Level 0.5 Unarmed Combat
 + Level 0.5 Spellcasting
 + Level 0.4 Conjurations
 + Level 0.4 Hexes
 + Level 0.4 Summonings
 + Level 0.4 Necromancy
 + Level 0.4 Translocations
 + Level 0.4 Transmutations
 + Level 0.4 Fire Magic
 + Level 0.4 Ice Magic
 + Level 0.4 Air Magic
 + Level 0.4 Earth Magic
 + Level 0.4 Poison Magic
 + Level 0.7 Invocations
 + Level 2.5 Evocations


You had 2 spell levels left.
You didn't know any spells.
Your spell library was empty.

Dungeon Overview and Level Annotations

Branches:
Dungeon (2/15)

Altars:

Annotations:
D:2 Natasha


Innate Abilities, Weirdness & Mutations

You have very sharp teeth.
Your uncanny sense of smell can sniff out nearby items.
Your experience applies equally to all skills.


Message History

The sling bullet closely misses the ball python.
The frilled lizard hisses angrily.
The sling bullet hits the frilled lizard!
You kill the frilled lizard!
You shoot a sling bullet.
The sling bullet closely misses the ball python.
You shoot a sling bullet. The sling bullet hits the ball python.
You kill the ball python!
No target in view!
g - a fuming black potion No target in view!
Natasha, Servant of Life and Death comes into view.
You shoot a sling bullet.
The sling bullet completely misses Natasha.
Natasha hisses angrily.
You shoot a sling bullet. The sling bullet hits Natasha!
Natasha is severely wounded.
Natasha stares at you and mumbles some strange words.
You feel yourself slow down.
You shoot a sling bullet.
The sling bullet closely misses Natasha.
You shoot a sling bullet. The sling bullet hits Natasha.
Natasha is severely wounded.
Natasha claws you!
You shoot a sling bullet. The sling bullet barely misses Natasha.
Natasha stares at you and mumbles some strange words.
The magic dart hits you.
You are too injured to fight recklessly!
You are too injured to fight recklessly!
You are too injured to fight recklessly!
Fire: a) +3 sling
Press: ? - help, Q - select action Shift-Dir - straight line, f/p - Natasha
Aim: Natasha (severely wounded, 60% to hit)
You shoot a sling bullet. The sling bullet hits Natasha.
Natasha is almost dead.
Natasha claws you!
* * * LOW HITPOINT WARNING * * *
Natasha casts a spell at you. The magic dart hits you.
You die...

#. #.######
#...... #.....
+.... #... #.h#
## # #.@##.#..#
#########....#
.......#..##.#
######.#.#
#.....##...
####.......#.##
#..........##.
##........##....
###[........#
.##.#


You could see Natasha.

Vanquished Creatures
  A dart slug (D:1)
  2 endoplasms (D:1)
  A giant cockroach (D:1)
  A hobgoblin (D:1)
  A kobold (D:1)
  3 quokkas (D:1)
  4 ball pythons
  2 bats (D:1)
  A frilled lizard (D:2)
16 creatures vanquished.

Notes
Turn   | Place    | Note
-------+----------+-------------------------------------------
     0 | D:1      | Maken the Gnoll Wanderer began the quest for the Orb.
     0 | D:1      | Maken set off with the following items: a +3 sling, a +0
                  | falchion, a potion of berserk rage, a +0 robe.
     0 | D:1      | Reached XP level 1. HP: 20/20 MP: 1/1
   158 | D:1      | Reached XP level 2. HP: 26/26 MP: 2/2
   520 | D:2      | Noticed Natasha
   526 | D:2      | Killed from afar by Natasha

Illustrated notes

Levels and vault maps discovered:
D:1:      ebering_hopf_link, layout_basic
D:2:      layout_basic, serial_shops, shop,
          shapermc_ecumenical_altar_mp_highgroup, nicolae_eternal_life,
          uniq_jessica, uniq_natasha

Action                     || total
---------------------------++-------
   Fire: Sling             ||    34
  Dodge: Dodged            ||     1

Table legend: (Time is in decaauts)
 A = Elapsed time spent in this place.
 B = Non-inter-level travel time spent in this place.
 C = Inter-level travel time spent in this place.
 D = Time resting spent in this place.
 E = Time spent auto-exploring this place.
 F = Levels seen in this place.
 G = Mean time per level.
                   A        B        C        D        E       F      G
               +--------+--------+--------+--------+--------+-----+--------+
         Total |    526 |    504 |     22 |      0 |    440 |   2 |  263.0 |
       Dungeon |    526 |    504 |     22 |      0 |    440 |   2 |  263.0 |
               +--------+--------+--------+--------+--------+-----+--------+

Top non-repeatable levels by time:
     D:1: 496 daAuts
     D:2: 30 daAuts
